 Dungeon Crawl Stone Soup version bcrawl-1.23 (webtiles) character file.

Game seed: 6293593341876153943

18 Morbidden the Insei (level 2, -1/23 HPs)
             Began as a Demigod Transmuter on May 30, 2020.
             Slain by a worm (10 damage)
             ... on level 1 of the Dungeon.
             The game lasted 00:00:37 (452 turns).

Morbidden the Insei (Demigod Transmuter)             Turns: 452, Time: 00:00:37

Health: -1/23      AC:  2    Str: 14    XL:     2   Next: 51%
Magic:  6/7        EV: 12    Int: 17    God:    Demigod [......]
Gold:   59         SH:  0    Dex: 17    Spells: 3/4 levels left

rFire    . . .     SeeInvis .     - Unarmed
rCold    . . .     Gourm    .   (no shield)
rNeg     . . .     Faith    .   b - +0 robe
rPois    .         Spirit   .   (no helmet)
rElec    .         Reflect  .   (no cloak)
rCorr    .         Harm     .   (no gloves)
MR       .....                  (boots currently unavailable)
Stlth    +.........             (no amulet)
HPRegen  0.07/turn              (no ring)
MPRegen  0.10/turn              (no ring)

@: appendage, very slow
A: talons 3, high mp 1
a: End Transformation


You were on level 1 of the Dungeon.
You worshipped Demigod.
Demigod was noncommittal.
You were not hungry.
You had grown temporary talons.
You visited 1 branch of the dungeon, and saw 1 of its levels.

You collected 59 gold pieces.

Inventory:

Missiles
 a - 120 arrows
Armour
 b - a +0 robe (worn)
Scrolls
 f - a scroll of fog {unknown}
 g - a scroll of identify {unknown}
 h - a scroll of enchant armour {unknown}
Potions
 d - a potion of lignification
Comestibles
 c - 2 chunks of flesh
 e - a ration {!d}


   Skills:
 * Level 1.1 Fighting
 + Level 1.8 Dodging
 * Level 3.2 Unarmed Combat
 + Level 1.8 Spellcasting
 * Level 2.0 Transmutations


You had 3 spell levels left.
You knew the following spells:

 Your Spells              Type           Power        Failure   Level  Hunger
a - Beastly Appendage     Tmut           #.....       9%          1    #......

Your spell library contained the following spells:

 Spells                   Type           Power        Failure   Level  Hunger
 Sticks to Snakes         Tmut           #.......     13%         2    ###....
 Spider Form              Tmut/Pois      #..          36%         3    ###....
 Ice Form                 Ice/Tmut       #.......     78%         4    #####..
 Blade Hands              Tmut           #.........   93%         5    ######.


Dungeon Overview and Level Annotations

Branches:
Dungeon (1/12)


Innate Abilities, Weirdness & Mutations

You have an increased reservoir of magic. (+10% MP)
You have claws for feet.


Message History

Some of the chunks of flesh in your inventory have rotted away.
You see here a runed whip.
Some of the chunks of flesh in your inventory have rotted away.
A worm comes into view.
A worm is nearby!
A worm is nearby!
A hobgoblin comes into view. It is wielding a +0 club.
Casting: Beastly Appendage (safe; 9% risk of failure)
Confirm with . or Enter, or press ? or * to list all spells.
Your feet morph into talons.
The hobgoblin shouts!
You enter the shallow water.
Moving in this stuff is going to be slow.
Your unstable footing causes you to fumble your attack.
You hit the worm but do no damage. The hobgoblin closely misses you.
The worm bites you!
Your unstable footing causes you to fumble your attack.
The hobgoblin hits you with a +0 club. The worm bites you!
You die...
Your divinity fades.

## #÷.##..#
#.#.....#.#.#[##
#...##..#..
..#.#.#...#.....##
#.#.##.####
####.#.#.#...###.##..
#.##......#
#......#............#
#.#######.#
#.........#..#......#
#.......#.# #.........##
#......# ###.#####.#
#..≈≈≈≈........(....#
#.......#
#..≈≈w≈⌠.............
###.#.###.#
#..≈@≈≈.....#..#.####
.(..#.# #.#
#....g.........#.
....#.###.###.......###.#.
#. ....#.......#..######
....#.#####....#
......###......#
.......##......###
######.##........#
.....#.####.####.#######


You could see a worm and a hobgoblin.

Vanquished Creatures
  2 dart slugs (D:1)
  2 leopard geckos (D:1)
  A bat (D:1)
  A giant cockroach (D:1)
  A goblin (D:1)
  3 kobolds (D:1)
  2 rats (D:1)
12 creatures vanquished.

Notes
Turn   | Place    | Note
-------+----------+-------------------------------------------
     0 | D:1      | Morbidden the Demigod Transmuter began the quest for the
                  | Orb.
     0 | D:1      | Reached XP level 1. HP: 15/15 MP: 5/5
    49 | D:1      | Reached skill level 1 in Fighting
    79 | D:1      | Reached skill level 3 in Unarmed Combat
   143 | D:1      | Reached XP level 2. HP: 23/23 MP: 5/7
   452 | D:1      | Slain by a worm

Skill      XL: |  1  2 |
---------------+-------+-----
Fighting       | 1 |  1.1
Unarmed Combat | 3 |  3.2
Transmutations | 2 |  2.0
Dodging        | |  1.8
Spellcasting   | |  1.8

Action                   || total
-------------------------++-------
Melee: Unarmed           ||    29
       Kick              ||     1
       Headbutt          ||     2
       Punch             ||     1
 Cast: Beastly Appendage ||     6
Armor: Robe              ||     3
Dodge: Dodged            ||    10
